 Dungeon Crawl Stone Soup version 0.20.0-10-g0535bb4 (webtiles) character file.

105 maniacrov the Poker (level 4, -1/34 HPs)
             Began as a Merfolk Gladiator on June 4, 2017.
             Slain by an adder (2 damage)
             ... on level 3 of the Dungeon.
             The game lasted 00:10:18 (1430 turns).

maniacrov the Poker (Merfolk Gladiator)             Turns: 1430, Time: 00:10:18

Health: -1/34      AC:  4    Str: 14    XL:     4   Next: 83%
Magic:  4/4        EV: 14    Int:  7    God:
Gold:   52         SH:  0    Dex: 16    Spells: 3/3 levels left

rFire    . . .     SeeInvis .   p - +0 spear
rCold    . . .     Gourm    .   (no shield)
rNeg     . . .     Faith    .   b - +0 leather armour
rPois    .         Spirit   .   c - +0 helmet
rElec    .         Reflect  .   (no cloak)
rCorr    .         Harm     .   (no gloves)
MR       .....                  (no boots)
Stlth    +.........             (no amulet)
Regen    0.2/turn               (no ring)
MPRegen  0.1/turn               (no ring)

@: lethally poisoned (-1 -> -6)
A: change form in water, swift swim, stealthy swim
a: no special abilities


You were on level 3 of the Dungeon.
You were not hungry.

You visited 1 branch of the dungeon, and saw 3 of its levels.

You collected 52 gold pieces.

Inventory:

Hand Weapons
 a - a +0 trident
 g - a +0 dagger
 p - a +0 spear (weapon)
Missiles
 d - a throwing net (quivered)
 m - 7 tomahawks
Armour
 b - a +0 leather armour (worn)
 c - a +0 helmet (worn)
Jewellery
 l - an uncursed ring of protection from cold {unknown}
 r - a cursed amulet of rage {unknown}
Scrolls
 j - a scroll of recharging {unknown}
 k - a scroll of identify {unknown}
 q - a scroll of magic mapping {unknown}
 s - a scroll of remove curse {unknown}
Potions
 e - a potion of curing {unknown}
 i - a potion of resistance {unknown}
 n - a potion of brilliance {unknown}
 o - 2 potions of haste {unknown}
Comestibles
 f - a bread ration
 h - 3 royal jellies


   Skills:
 + Level 2.7 Fighting
 + Level 6.0 Polearms
 + Level 2.0 Throwing
 + Level 1.2 Armour
 + Level 4.9 Dodging
 + Level 0.2 Stealth


You had 3 spell levels left.
You didn't know any spells.

Dungeon Overview and Level Annotations

Branches:
Dungeon (3/15)

Altars:
Okawaru


Message History

An adder comes into view.
The adder hisses angrily.
You see here 4 gold pieces.
You hit the adder.
The adder is heavily wounded.
The adder bites you but does no damage.
You barely miss the adder.
The adder is heavily wounded.
The adder bites you but does no damage.
You closely miss the adder.
The adder is heavily wounded.
The adder bites you.
* * * LOW HITPOINT WARNING * * *
You are lethally poisoned!
The adder poisons you!
You completely miss the adder.
The adder is heavily wounded.
* * * LOW HITPOINT WARNING * * *
You feel sick. The adder bites you.
You die...

#.##.#.#..#...........##.
#>.....................
##...##..##........#####
####...#...# ....##
..####.#...# ##.#######
..# #.#..## #.......# ..#
#.#..# ###..$....#
..####.# #.........#
......†#######.#@S.....#
...........).#...#######
.......#####.###.#
.......# #.# #.# ###
######## ###)###.# ....
#....##.##.....
#..).##........
#.....)........
#....##........


You could see an adder.

Vanquished Creatures
  An orc priest (D:3)
  An adder (D:2)
  A worm (D:2)
  2 dart slugs (D:2)
  2 leopard geckos
  6 orcs (D:3)
  3 ball pythons (D:2)
  9 goblins
  3 hobgoblins
  2 jackals (D:1)
  7 bats
  3 frilled lizards
  6 kobolds
  6 rats
52 creatures vanquished.

Notes
Turn   | Place    | Note
-------+----------+-------------------------------------------
     0 | D:1      | maniacrov the Merfolk Gladiator began the quest for the Orb.
     0 | D:1      | Reached XP level 1. HP: 16/16 MP: 1/1
   112 | D:1      | Reached XP level 2. HP: 22/22 MP: 2/2
   209 | D:1      | Found an iron altar of Okawaru.
   219 | D:1      | Reached skill level 5 in Polearms
   544 | D:1      | Reached XP level 3. HP: 23/28 MP: 3/3
  1067 | D:2      | Reached XP level 4. HP: 12/34 MP: 4/4
  1380 | D:3      | Reached skill level 6 in Polearms
  1380 | D:3      | Reached skill level 1 in Armour
  1430 | D:3      | HP: 1/34 [poisoned by an adder]
  1430 | D:3      | Slain by an adder

Skill      XL: |  1  2  3  4 |
---------------+-------------+-----
Polearms       | 5 6 |  6.0
Armour         | 1 |  1.2
Fighting       | |  2.7
Throwing       | |  2.0
Dodging        | |  4.9
Stealth        | |  0.2

Action                   |  1- 3 |  4- 6 || total
-------------------------+-------+-------++-------
Melee: Trident           |    92 |       ||    92
       Spear             |    23 |    49 ||    72
Throw: Throwing net      |     1 |     2 ||     3
 Stab: Distracted        |     1 |       ||     1
  Eat: Bread ration      |     1 |       ||     1
Armor: Leather armour    |    29 |     9 ||    38
Dodge: Dodged            |    78 |    28 ||   106
